 Dungeon Crawl Stone Soup version 0.19-a0-1933-g052ff51 (webtiles) character file.

110 Jorund the Charmwright (level 4, 0/33 HPs)
             Began as a Demonspawn Skald on Oct 26, 2016.
             Killed by nerve-wracking pain
             ... invoked by Grinder
              (13 damage)
             ... on level 3 of the Dungeon.
             The game lasted 00:03:13 (1894 turns).

Jorund the Charmwright (Demonspawn Skald)           Turns: 1894, Time: 00:03:14

Health: 0/33       AC:  7    Str: 13    XL:     4   Next: 61%
Magic:  2/7        EV: 11    Int: 14    God:
Gold:   119        SH:  0    Dex: 12    Spells: 2 memorised, 4 levels left

rFire  . . .     SeeInvis .     a - +0 hand axe
rCold  . . .     Gourm    .     b - +0 leather armour
rNeg   . . .     Faith    .     (no shield)
rPois  .         Spirit   .     l - +2 hat
rElec  .         Reflect  .     (no cloak)
rCorr  .         Harm     .     (no gloves)
MR     .....                    (no boots)
Stlth  +.........               (no amulet)
                                (no ring)
                                (no ring)

@: no status effects
A: iridescent scales 1
a: no special abilities


You were on level 3 of the Dungeon.
You were hungry.

You visited 1 branch of the dungeon, and saw 3 of its levels.

You collected 119 gold pieces.

Inventory:

Hand Weapons
 a - a +0 hand axe (weapon)
Missiles
 o - 10 poisoned needles
Armour
 b - a +0 leather armour (worn)
 l - a +2 hat (worn)
Scrolls
 g - a scroll of remove curse
Potions
 e - a potion of curing {unknown}
 f - a potion of haste {unknown}
 p - a potion of flight {unknown}
 q - a potion of brilliance
 r - a potion of heal wounds {unknown}
Books
 c - a book of Battle

   Spells                             Type                      Level
   a - Infusion                       Charms                       1
   b - Shroud of Golubria             Charms/Translocation         2
   c - Song of Slaying                Charms                       2
   d - Spectral Weapon                Hexes/Charms                 3
   e - Regeneration                   Charms/Necromancy            3
Comestibles
 d - 2 bread rations
 m - a beef jerky
 n - a meat ration


   Skills:
 - Level 2.0 Fighting
 * Level 3.5 Axes
 - Level 0.8 Armour
 - Level 0.8 Dodging
 + Level 2.3 Spellcasting
 + Level 3.5 Charms


You had 4 spell levels left.
You knew the following spells:

 Your Spells              Type           Power        Failure   Level  Hunger
a - Infusion              Chrm           ##..         10%         1    #......
b - Song of Slaying       Chrm           ##......     12%         2    ###....


Dungeon Overview and Level Annotations

Branches:
Dungeon (3/15)

Altars:
Nemelex Xobeh
Sif Muna
Yredelemnul

Annotations:
D:3 Grinder


Innate Abilities, Weirdness & Mutations

You are partially covered in iridescent scales. (AC +2)


Message History

You closely miss Grinder.
Grinder is heavily wounded.
You hit Grinder.
Grinder is severely wounded.
Grinder blinks!
Grinder says, "FISH!"
You hit Grinder.
Grinder is almost dead.
Grinder closely misses you. Grinder hits you.
You writhe in agony.
You hit Grinder.
Grinder is almost dead.
Grinder hits you but does no damage.
You barely miss Grinder.
Grinder is almost dead.
Grinder hits you but does no damage.
You hit Grinder.
Grinder is almost dead.
Grinder gestures at you. Pain shoots through your body!
You die...

#.. #.# #..##.#
#..##.#
#####..##<#
##......##.#
###....#.#.#.#
#..!.........#
#...5....#.#
#.##..@....(.#
..............#
..............#
##....=.....#.#
#.#####....#?#
#. ##...#.# #
.####.# .


You could see Grinder.

Vanquished Creatures
  2 adders (D:2)
  3 gnolls (D:2)
  An ooze (D:1)
  A worm (D:2)
  4 dart slugs
  A leopard gecko (D:2)
  2 ball pythons
  5 giant cockroaches
  5 hobgoblins
  6 kobolds
  A quokka (D:2)
  5 bats
  7 frilled lizards
  3 goblins
  3 rats
49 creatures vanquished.

Notes
Turn   | Place    | Note
-------+----------+-------------------------------------------
     0 | D:1      | Jorund the Demonspawn Skald began the quest for the Orb.
     0 | D:1      | Reached XP level 1. HP: 16/16 MP: 3/3
   418 | D:1      | Gained mutation: You are partially covered in iridescent scales. (AC +2) [demonic ancestry]
   418 | D:1      | Reached XP level 2. HP: 20/22 MP: 0/5
   818 | D:2      | Reached XP level 3. HP: 17/27 MP: 6/6
  1394 | D:2      | Reached XP level 4. HP: 16/33 MP: 0/7
  1570 | D:2      | Found a basalt altar of Yredelemnul.
  1698 | D:2      | Found a sparkling altar of Nemelex Xobeh.
  1828 | D:2      | Found a deep blue altar of Sif Muna.
  1868 | D:3      | Learned a level 2 spell: Song of Slaying
  1869 | D:3      | Noticed Grinder
  1894 | D:3      | Killed from afar by Grinder

Vault maps used:
D:1:      grunt_arrival_lava_bath
D:2:      lemuel_blue_sif_altar, yredelemnul_altar_generic,
          nemelex_xobeh_ov_fountains_minmay, minivault_11
D:3:      eat_drink_and_be_merry_uskayaw, kennysheep_generic_room_5,
          uniq_grinder, uniq_iyjb

Skill      XL: |  1  2  3 |
---------------+----------+-----
Axes           | 2 3 |  3.5
Charms         | 3 |  3.5
Fighting       | |  2.0
Armour         | |  0.8
Dodging        | |  0.8
Spellcasting   | |  2.3

Action                   |  1- 3 |  4- 6 || total
-------------------------+-------+-------++-------
Melee: Hand axe          |   126 |    68 ||   194
Throw: Throwing net      |       |     1 ||     1
 Cast: Infusion          |     6 |     3 ||     9
  Use: Scroll            |       |     4 ||     4
 Stab: Sleeping          |     2 |       ||     2
  Eat: Chunk             |     1 |     2 ||     3
Armor: Leather armour    |    50 |    31 ||    81
Dodge: Dodged            |    71 |    38 ||   109
